 Dungeon Crawl Stone Soup version 0.16.2-12-gd0ad4c3 (webtiles) character file.

22466 faibistes the Thaumaturge (level 12, -8/66 HPs)
             Began as a Deep Elf Wizard on Dec 18, 2017.
             Was the Champion of Sif Muna.
             Mangled by an eight-headed hydra (14 damage)
             ... on level 4 of the Lair of Beasts on Dec 19, 2017.
             The game lasted 01:26:46 (27251 turns).

faibistes the Thaumaturge (Deep Elf Wizard)        Turns: 27251, Time: 01:26:47

Health: -8/66      AC:  7    Str:  4    XL:     12   Next: 63%
Magic:  37/52      EV: 16    Int: 29    God:    Sif Muna [******]
Gold:   129        SH:  0    Dex: 13    Spells: 10 memorised, 4 levels left

rFire  . . .     SeeInvis .     w - staff of power
rCold  . . .     Clarity  .     z - +1 robe {MR+}
rNeg   . . .     SustAb   .     (no shield)
rPois  .         Gourm    .     b - +0 hat
rElec  .         Spirit   .     y - +2 cloak
rCorr  .         Warding  .     X - +0 pair of gloves
rMut   .         Stasis   .     (no boots)
MR     ++...                    (no amulet)
Stlth  ++........               (no ring)
                                (no ring)

@: repel missiles, very resistant to hostile enchantments, unstealthy
A: no striking features
a: Channel Energy, Forget Spell, Renounce Religion


You were on level 4 of the Lair of Beasts.
You worshipped Sif Muna.
Sif Muna was exalted by your worship.
You were not hungry.

You visited 3 branches of the dungeon, and saw 19 of its levels.
You also visited: Ossuary and Bailey.

You collected 734 gold pieces.
You spent 605 gold pieces at shops.

Inventory:

Hand weapons
 t - a +3 dagger
 I - a +3 dagger of venom
 S - a +0 dagger of holy wrath
 W - a +2 halberd of electrocution
Missiles
 C - 2 tomahawks of returning (quivered)
Armour
 b - a +0 hat (worn)
 y - a +2 cloak (worn)
 z - a +1 robe of magic resistance (worn)
 Q - a +2 robe of cold resistance
 X - a +0 pair of gloves (worn)
Magical staves
 w - an uncursed staff of power (weapon)
Jewellery
 P - an uncursed ring of ice
Magical devices
 a - a wand of polymorph (14)
 f - a wand of frost (33)
 g - a wand of cold (13)
 l - a wand of invisibility (1)
 v - a wand of confusion (29)
 x - a wand of fireball (0)
 J - a wand of digging (8)
 R - a wand of lightning (0)
 U - a wand of digging (14)
Scrolls
 h - 9 scrolls of teleportation
 m - 2 scrolls of immolation
 n - 4 scrolls of fog
 p - 2 scrolls of blinking
 r - 5 scrolls of remove curse
 F - 2 scrolls of recharging
 N - 4 scrolls of magic mapping
 O - 2 scrolls of fear
 Y - 3 scrolls of identify
Potions
 e - 5 potions of curing
 j - 3 potions of brilliance
 k - 4 potions of magic
 o - 3 potions of ambrosia
 s - 4 potions of might
 u - a potion of cancellation
 A - 2 potions of berserk rage
 B - 11 potions of heal wounds
 E - 2 potions of cure mutation
 K - a potion of lignification
 V - a potion of haste
 Z - a potion of resistance
Books
 c - a book of Hinderance

   Spells                             Type                      Level
   a - Confusing Touch                Hexes                        2
   b - Confuse                        Hexes                        3
   c - Petrify                        Transmutation/Earth          4
   d - Metabolic Englaciation         Hexes/Ice                    5
   e - Gell's Gravitas                Hexes/Translocation          5
   f - Summon Mana Viper              Hexes/Summoning              5
Comestibles
 d - 9 bread rations
 i - 7 meat rations


   Skills:
 + Level 4.3 Fighting
 + Level 8.7 Dodging
 - Level 2.4 Stealth
 * Level 12.8 Spellcasting
 + Level 8.0 Conjurations
 - Level 7.1 Charms
 * Level 5.9 Summonings
 + Level 5.7 Translocations
 * Level 0.9 Transmutations
 + Level 8.2 Fire Magic
 - Level 3.9 Air Magic
 * Level 0.7 Earth Magic
 - Level 2.9 Poison Magic
 * Level 7.4 Invocations
 + Level 6.1 Evocations


You had 4 spell levels left.
You knew the following spells:

 Your Spells              Type           Power        Failure   Level  Hunger
a - Magic Dart            Conj           ####         1%          1    None
b - Conjure Flame         Conj/Fire      ######..     1%          3    None
c - Call Imp              Summ           ######..     1%          2    None
d - Blink                 Tloc           N/A          1%          2    None
e - Mephitic Cloud        Conj/Pois/Air  #####...     1%          3    None
f - Repel Missiles        Chrm/Air       ######       1%          2    None
g - Summon Forest         Summ/Tloc      ######....   10%         5    ##.....
h - Iskenderun's Battles  Conj/Chrm      ######..     4%          5    ##.....
j - Petrify               Trmt/Erth      ###.....     21%         4    None
v - Venom Bolt            Conj/Pois      ######....   10%         5    ##.....


Dungeon Overview and Level Annotations

Branches:
Dungeon (13/15)            Temple (1/1) D:6            Lair (5/8) D:11
 Shoals (0/5) Lair:4          Orc (0/4) D:10
  Snake: Lair:3-6    Spider: Lair:3-6    Vaults: D:13-14

Altars:
Ashenzari
Cheibriados
Dithmenos
Elyvilon
Fedhas
Gozag
Kikubaaqudgha
Makhleb
Nemelex Xobeh
Okawaru
Qazlal
Ru
Sif Muna
Trog
Vehumet
Xom
Yredelemnul
Zin
The Shining One

Shops:
D:5 !(??*   D:12 }


Message History

Casting: Magic Dart
Confirm with . or Enter, or press ? or * to list all spells.
Aiming: Magic Dart
Press: ? - help, Shift-Dir - straight line, f/p - eight-headed hydra
Aim: an eight-headed hydra (almost dead)
The magic dart hits the eight-headed hydra.
The eight-headed hydra is almost dead.
Evoke which item? (* to show all) (? for menu, Esc to quit)
Okay, then.
Casting: Magic Dart
Confirm with . or Enter, or press ? or * to list all spells.
Okay, then.
Casting: Magic Dart
Confirm with . or Enter, or press ? or * to list all spells.
You miscast Summon Forest.
Sif Muna protects you from the effects of your miscast!
The eight-headed hydra bites you!
* * * LOW HITPOINT WARNING * * *
The eight-headed hydra bites you!
You die...

# .## .♣♣♣♣ ..# ...
...≈≈≈♣..# .......
≈...≈≈≈.♣.# .........
≈.≈≈≈...≈..# ..........
..≈≈≈.≈...≈≈♣♣..(.........
♣..≈≈≈≈..§.≈≈..............
♣..≈.≈.≈.D@≈≈♣.............
♣≈≈.≈.≈.≈.≈....P...........
#♣≈≈.$..≈≈≈≈(...)........<..
#.≈≈...≈.≈≈≈..♣##...........
♣.≈...≈≈≈.≈♣♣ #.......>...
♣..≈≈≈...≈.# #...........
#..≈≈≈...♣.# ##....÷......
#....♣♣.♣..# #.....†......
#...P.#....#####......>.(..


You could see an eight-headed hydra.

Vanquished Creatures
  Fannar (D:9)
  A hydra (Lair:2)
  Erica (D:11)
  Erolcha (D:9)
  A hill giant (D:10)
  An orc knight (Bailey)
  An ugly thing (D:11)
  A siren (Lair:4)
  The ghost of faibistes the Cudgeler, an experienced OgWr (Ossuary)
  Maurice (D:9)
  5 spiny frogs
  4 komodo dragons
  A troll (D:9)
  Prince Ribbit (Lair:2)
  3 blink frogs (Lair:2)
  A deep elf mage (D:10)
  A wyvern (D:9)
  21 yaks
  A basilisk (Lair:3)
  A spriggan (D:7)
  Grum (D:9)
  4 hippogriffs
  A mottled dragon (D:11)
  Edmund (D:6)
  11 wolves
  2 ice beasts
  6 porcupines
  6 water moccasins
  A black bear (D:10)
  2 phantoms
  4 necrophages
  6 orc warriors
  6 ogres
  4 centaurs
  4 crocodiles
  Duvessa (D:4)
  An eye of draining (D:8)
  A big kobold (D:10)
  Blork the orc (D:6)
  8 giant frogs
  A gnoll sergeant (D:8)
  2 wyvern skeletons
  4 scorpions
  5 electric eels (D:9)
  3 bog bodies (Ossuary)
  3 giant frog zombies (Ossuary)
  Dowan (D:4)
  A centaur zombie (D:5)
  10 crimson imps
  2 jellies (D:7)
  A centaur skeleton (D:9)
  3 giant frog skeletons
  14 orc priests
  10 hounds
  6 iguanas
  8 worker ants
  A gnoll shaman (D:6)
  11 orc wizards
  3 hound zombies (Ossuary)
  Terence (D:3)
  2 hound skeletons
  5 worker ant zombies
  13 mummies (Ossuary)
  Robin (D:4)
  30 gnolls
  20 adders
  19 river rats
  3 giant mites
  3 shadow imps
  3 worms
  An adder skeleton (D:8)
  4 adder zombies
  6 giant geckos
  2 oozes
  70 orcs
  3 ball pythons
  2 bat skeletons
  5 bat zombies
  4 giant cockroaches
  25 hobgoblins
  12 jackals
  A ball python zombie (Ossuary)
  14 bats
  2 giant gecko zombies
  2 giant newts
  A giant spore (D:11)
  24 goblins
  A jackal skeleton (D:5)
  A jackal zombie (Ossuary)
  30 kobolds
  11 quokkas
  A quokka skeleton (D:5)
  3 quokka zombies
  14 rats
  A ballistomycete (D:11)
549 creatures vanquished.

Vanquished Creatures (collateral kills)
  A blink frog (Lair:2)
  An ogre (D:8)
  4 river rats (Lair:2)
  2 jackals (D:1)
  A giant newt (D:1)
9 creatures vanquished.

Vanquished Creatures (others)
  A shadow imp (Ossuary)
  3 fungi
  17 plants
21 creatures vanquished.

Grand Total: 579 creatures vanquished

Notes
Turn   | Place    | Note
--------------------------------------------------------------
     0 | D:1      | faibistes, the Deep Elf Wizard, began the quest for the Orb.
     0 | D:1      | Reached XP level 1. HP: 10/10 MP: 6/6
   399 | D:1      | Reached XP level 2. HP: 9/15 MP: 4/10
   403 | D:1      | Learned a level 2 spell: Blink
   406 | D:1      | Learned a level 2 spell: Call Imp
   652 | D:1      | Reached skill level 5 in Spellcasting
  1201 | D:1      | Reached XP level 3. HP: 7/19 MP: 1/14
  1247 | D:1      | Learned a level 3 spell: Conjure Flame
  1251 | D:1      | Learned a level 3 spell: Mephitic Cloud
  1663 | D:4      | Noticed Duvessa
  1663 | D:4      | Noticed Dowan
  1980 | D:2      | Reached XP level 4. HP: 24/24 MP: 7/17
  1990 | D:2      | Learned a level 2 spell: Repel Missiles
  2269 | D:2      | Found a sacrificial altar of Ru.
  2361 | D:3      | Noticed Terence
  2389 | D:3      | Killed Terence
  2834 | D:3      | Reached skill level 6 in Spellcasting
  2870 | D:3      | Found a radiant altar of Vehumet.
  2870 | D:3      | Found a burning altar of Makhleb.
  2895 | D:3      | Reached XP level 5. HP: 12/28 MP: 4/20
  3320 | D:3      | Noticed an orc warrior
  3399 | D:3      | Killed an orc warrior
  3399 | D:3      | Reached XP level 6. HP: 5/32 MP: 6/22
  4017 | D:3      | Noticed a water moccasin
  4032 | D:3      | Killed a water moccasin
  4032 | D:3      | Reached skill level 7 in Spellcasting
  4418 | D:4      | Noticed Edmund
  4834 | D:5      | Entered Level 5 of the Dungeon
  5001 | D:4      | Noticed Robin
  5013 | D:4      | Killed Robin
  5266 | D:4      | Reached skill level 1 in Fighting
  5266 | D:4      | Reached skill level 1 in Evocations
  5359 | D:4      | Reached XP level 7. HP: 38/38 MP: 14/25
  5483 | D:4      | Noticed a phantom
  5503 | D:4      | Killed a phantom
  5649 | D:4      | Found a deep blue altar of Sif Muna.
  5653 | D:4      | Became a worshipper of Sif Muna the Loreminder
  5659 | D:4      | Found a glowing golden altar of the Shining One.
  5670 | D:4      | Found a basalt altar of Yredelemnul.
  5677 | D:4      | Found a stormy altar of Qazlal.
  5682 | D:4      | Found a shimmering altar of Xom.
  5689 | D:4      | Found a white marble altar of Elyvilon.
  5694 | D:4      | Found an iron altar of Okawaru.
  5763 | D:4      | Reached skill level 8 in Spellcasting
  5974 | D:4      | Killed Duvessa
  5986 | D:4      | Reached skill level 1 in Fire Magic
  5986 | D:4      | Reached skill level 1 in Air Magic
  6081 | D:4      | Killed Dowan
  6222 | D:3      | Reached skill level 1 in Poison Magic
  6413 | D:5      | Found Qeibledi's Assorted Antiques.
  6437 | D:5      | Reached XP level 8. HP: 36/44 MP: 20/27
  6535 | D:6      | Acquired Sif Muna's first power
  6696 | D:6      | Found a sand-covered staircase.
  6737 | Ossuary  | Entered an ossuary
  6795 | Ossuary  | Reached skill level 5 in Conjurations
  6882 | Ossuary  | Reached skill level 5 in Dodging
  7002 | Ossuary  | Noticed faibistes' ghost (experienced OgWr)
  7008 | Ossuary  | Killed faibistes' ghost
  7008 | Ossuary  | Acquired Sif Muna's second power
  7014 | Ossuary  | Reached skill level 9 in Spellcasting
  7771 | D:6      | Killed Edmund
  7771 | D:6      | Reached XP level 9. HP: 48/48 MP: 20/29
  8120 | D:5      | Found a shadowy altar of Dithmenos.
  8234 | D:5      | Found Thre Lel's Magic Scroll Boutique.
  8258 | D:5      | Found Woel's Distillery.
  8281 | D:5      | Bought a scroll of remove curse for 30 gold pieces
  8281 | D:5      | Bought a scroll of blinking for 75 gold pieces
  8281 | D:5      | Bought a scroll of remove curse for 30 gold pieces
  8281 | D:5      | Bought a scroll of identify for 20 gold pieces
  8291 | D:5      | Bought a potion of poison for 14 gold pieces
  8291 | D:5      | Bought a potion of degeneration for 14 gold pieces
  8666 | D:5      | Found Zebataun's Weapon Shoppe.
  9015 | D:5      | Found Zeunamuc's Magic Scroll Boutique.
  9018 | D:5      | Bought a scroll of amnesia for 45 gold pieces
  9326 | D:6      | Noticed Blork the orc
  9342 | D:6      | Killed Blork the orc
  9566 | D:6      | Reached skill level 5 in Summonings
  9780 | D:8      | Found a flagged portal.
  9859 | Bailey   | Entered a bailey
 10593 | Bailey   | Reached skill level 1 in Charms
 10658 | Bailey   | Noticed an orc knight
 10669 | Bailey   | Killed an orc knight
 10669 | Bailey   | Reached skill level 1 in Invocations
 11165 | D:7      | Reached skill level 10 in Spellcasting
 11525 | D:6      | Reached XP level 10. HP: 45/53 MP: 15/31
 11666 | D:6      | Found a staircase to the Ecumenical Temple.
 11677 | Temple   | Entered the Ecumenical Temple
 13578 | D:10     | Entered Level 10 of the Dungeon
 13672 | D:8      | Acquired Sif Muna's third power
 13672 | D:8      | Reached skill level 5 in Fire Magic
 14483 | D:8      | Found an ancient bone altar of Kikubaaqudgha.
 15171 | D:9      | Found an opulent altar of Gozag.
 15328 | D:9      | Noticed Maurice
 15339 | D:9      | Noticed Grum
 15589 | D:9      | Killed Grum
 15828 | D:9      | Noticed Erolcha
 15850 | D:9      | Killed Erolcha
 16075 | D:10     | Noticed Fannar
 16113 | D:9      | Killed Fannar
 16113 | D:9      | Reached skill level 11 in Spellcasting
 16468 | D:9      | Killed Maurice
 16468 | D:9      | Reached XP level 11. HP: 41/59 MP: 28/33
 17394 | D:9      | Reached skill level 5 in Invocations
 17620 | D:9      | Reached skill level 5 in Charms
 18383 | D:10     | Found a staircase to the Orcish Mines.
 19227 | D:10     | Noticed a hill giant
 19238 | D:10     | Killed a hill giant
 19830 | D:11     | Noticed Erica
 19857 | D:11     | Killed Erica
 20011 | D:11     | Reached skill level 5 in Evocations
 20525 | D:12     | Found Smuosus' Quality Used Wands.
 21012 | D:11     | Learned a level 5 spell: Venom Bolt
 21166 | D:11     | Found a burning altar of Makhleb.
 21541 | D:11     | Found a staircase to the Lair.
 21750 | D:11     | Reached skill level 12 in Spellcasting
 21943 | Lair:1   | Entered Level 1 of the Lair of Beasts
 22190 | Lair:1   | Identified a scroll of acquirement
 22198 | Lair:1   | Learned a level 5 spell: Summon Forest
 22297 | Lair:1   | Reached skill level 5 in Translocations
 23024 | Lair:1   | Received a gift from Sif Muna
 23025 | Lair:1   | Identified Sif Muna's Volume of Enhancements and Lightness (Sif Muna gifted it to you on level 1 of the Lair of Beasts)
 23032 | Lair:1   | Learned a level 5 spell: Iskenderun's Battlesphere
 23369 | Lair:1   | Reached XP level 12. HP: 66/66 MP: 33/35
 23678 | Lair:2   | Noticed Prince Ribbit
 23688 | Lair:2   | Killed Prince Ribbit
 24046 | Lair:3   | Noticed an eight-headed hydra
 24051 | Lair:3   | HP: 1/66 [eight-headed hydra (13)]
 24605 | Lair:2   | Killed an eight-headed hydra
 25370 | Lair:3   | Found a sacrificial altar of Ru.
 26062 | D:5      | Bought 2 potions of heal wounds for 200 gold pieces
 26062 | D:5      | Bought a worn copper wand for 80 gold pieces
 26107 | D:5      | Bought a scroll of blinking for 97 gold pieces
 26524 | Lair:3   | Learned a level 4 spell: Petrify
 27173 | Lair:4   | Found a staircase to the Shoals.
 27243 | Lair:4   | Noticed an eight-headed hydra
 27251 | Lair:4   | Mangled by an eight-headed hydra

Action                   |  1- 3 |  4- 6 |  7- 9 | 10-12 || total
-------------------------+-------+-------+-------+-------++-------
Melee: Unarmed           |     8 |       |       |       ||     8
       Dagger            |     3 |     6 |    58 |    80 ||   147
       Short sword       |       |       |    22 |   158 ||   180
       Halberd           |       |       |     3 |     6 ||     9
       Staff             |       |       |       |     5 ||     5
 Cast: Magic Dart        |    83 |   161 |   436 |   772 ||  1452
       Call Imp          |     3 |       |     1 |       ||     4
       Blink             |     1 |       |    16 |    33 ||    50
       Conjure Flame     |     1 |    11 |    44 |    93 ||   149
       Mephitic Cloud    |     1 |     9 |    27 |    66 ||   103
       Repel Missiles    |       |     2 |     3 |     1 ||     6
       Venom Bolt        |       |       |       |    21 ||    21
       Iskenderun's Batt |       |       |       |    25 ||    25
       Summon Forest     |       |       |       |     2 ||     2
Invok: Channel Energy    |       |       |     7 |     4 ||    11
Evoke: Wand              |       |       |     3 |     5 ||     8
  Use: Potion            |     1 |       |     1 |     2 ||     4
       Scroll            |     1 |       |    21 |    14 ||    36
 Stab: Sleeping          |     1 |     1 |     2 |     1 ||     5
       Confused          |       |       |     4 |     8 ||    12
  Eat: Chunk             |     3 |    10 |    14 |    41 ||    68
       Bread ration      |       |       |     1 |     1 ||     2
       Royal jelly       |       |       |     1 |       ||     1
       Fruit             |       |       |       |     4 ||     4
       Pizza             |       |       |       |     1 ||     1
       Beef jerky        |       |       |       |     1 ||     1
